Map: Dreamcatcher LE

Players

HeroMarine

  • Race: Terran Terran
  • Spawn Location: 11:00

Silky - Winner!

  • Race: Zerg Zerg
  • Spawn Location: 5:00

Event: WCS Montreal 2018

VOD

Have the link to the VOD?

Description

Time

  • Played on: Sept. 7, 2018, 3:52 p.m.
  • Length: 19:31

All games in this series

Show
View Real Time Build Order
Export as new Build Order

HeroMarine Terran 

Build Orders: Gas First Reaper Expand, Reaper Expand, Mech, Banshee Rush 

Get SALT Encoding   

  12  0:00  SCV  
  13  0:12  SCV  
  14  0:17  Supply Depot  
  14  0:25  SCV  
  15  0:29  Refinery  
  15  0:38  SCV  
  16  0:44  Barracks  
  16  0:50  SCV  
  17  1:02  SCV  
  18  1:15  SCV  
  19  1:31  Orbital Command, Reaper  
  20  1:43  Command Center  
  20  1:53  Factory  
  20  1:56  SCV  
  21  2:06  Barracks Reactor  
  21  2:08  SCV  
  21  2:11  Supply Depot  
  21  2:15  Refinery  
  22  2:21  SCV  
  23  2:33  SCV  
  24  2:41  Starport  
  24  2:43  Marine x2  
  26  2:45  SCV  
  26  2:46  Factory Tech Lab  
  27  2:54  Orbital Command  
  27  2:57  SCV  
  28  3:01  Marine x2  
  30  3:09  SCV  
  30  3:19  Marine x2  
  32  3:21  SCV x2  
  32  3:25  Cloaking Field, Banshee  
  37  3:34  SCV x2  
  37  3:35  Supply Depot, Factory Tech Lab  
  37  3:37  Marine  
  37  3:39  Marine  
  41  3:46  SCV x2  
  43  3:58  SCV, Marine  
  43  3:59  SCV, Marine  
  43  4:00  Siege Tank  
  50  4:04  Supply Depot  
  50  4:08  Supply Depot  
  50  4:11  SCV, Banshee  
  54  4:25  Marine x2  
  54  4:26  SCV x2  
  57  4:33  Command Center  
  57  4:35  Siege Tank  
  60  4:39  SCV x2  
  60  4:43  Marine x2  
  64  4:52  SCV x2  
  66  4:54  Refinery  
  66  4:55  Refinery  
  66  5:00  Armory  
  66  5:04  SCV x2  
  68  5:15  Command Center  
  68  5:16  SCV  
  68  5:17  SCV  
  70  5:28  Hellion x2  
  74  5:31  Starport Reactor  
  74  5:33  SCV x2, Factory  
  74  5:34  Factory  
  76  5:45  Orbital Command  
  76  5:49  Hellion x2  
  82  5:51  SCV  
  82  5:52  Armory  
  81  5:58  SCV  
  81  6:03  SCV  
  69  6:11  Hellion x2  
  69  6:12  Orbital Command  
  69  6:17  SCV  
  69  6:21  Thor  
  69  6:24  Refinery, Thor  
  81  6:27  SCV  
  81  6:29  Refinery  
  81  6:31  Orbital Command, SCV  
  83  6:39  SCV  
  84  6:42  Medivac x2  
  84  6:43  SCV  
  84  6:46  SCV  
  90  6:50  Terran Vehicle Weapons Level 1  
  90  6:51  SCV  
  91  6:55  SCV  
  91  6:56  Hellion x2  
  91  6:57  Terran Vehicle And Ship Armor Level 1  
  91  6:58  SCV x2  
  94  7:03  SCV  
  94  7:04  Supply Depot  
  94  7:06  Supply Depot  
  94  7:07  SCV  
  95  7:10  Siege Tank x2, SCV  
  95  7:12  SCV  
  95  7:15  SCV  
  104  7:19  SCV  
  104  7:20  Hellion  
  104  7:22  SCV  
  108  7:25  SCV  
  108  7:26  Hellion  
  108  7:27  SCV  
  108  7:28  Factory  
  111  7:31  Factory, Barracks Reactor, SCV  
  111  7:32  Supply Depot  
  112  7:38  SCV  
  112  7:39  SCV  
  112  7:42  Siege Tank x2, Hellion  
  123  7:50  SCV x2  
  120  7:58  Orbital Command, Hellion  
  122  8:04  Hellion  
  124  8:12  SCV x3  
  125  8:14  Siege Tank  
  125  8:15  Siege Tank  
  125  8:16  Factory Tech Lab  
  125  8:18  Orbital Command  
  131  8:23  Engineering Bay  
  131  8:24  SCV  
  131  8:25  Supply Depot  
  132  8:27  SCV x2  
  132  8:29  Supply Depot x2  
  132  8:30  Refinery  
  132  8:33  Refinery  
  134  8:36  SCV  
  134  8:39  SCV x2  
  134  8:47  Siege Tank x2  
  134  8:48  SCV  
  141  8:49  SCV  
  141  8:51  SCV x2  
  141  8:55  Siege Tank  
  147  8:56  Sensor Tower  
  147  9:00  SCV  
  147  9:01  SCV  
  149  9:03  SCV x2  
  149  9:09  Barracks x3  
  151  9:10  Terran Vehicle Weapons Level 2  
  151  9:11  Hellion x3  
  151  9:14  Terran Vehicle And Ship Armor Level 2  
  151  9:16  Barracks Tech Lab  
  153  9:17  Supply Depot  
  153  9:18  Supply Depot x2  
  153  9:19  Siege Tank x2  
  153  9:21  Hellion x2  
  153  9:23  Hellion  
  163  9:28  Missile Turret, Supply Depot x2, Medivac x2  
  163  9:29  Missile Turret, Hellion  
  169  9:35  Sensor Tower, Missile Turret  
  167  9:39  Siege Tank  
  170  9:46  Hellion x3  
  170  9:48  Smart Servos  
  170  9:51  Siege Tank  
  179  9:54  Factory  
  179  9:55  Siege Tank  
  179  9:56  Factory, Hellion  
  184  10:00  Missile Turret  
  184  10:07  Hellion  
  184  10:08  Viking x2  
  184  10:12  Siege Tank  
  184  10:13  Hellion x2  
  197  10:17  Hellion  
  197  10:20  Rapid Fire Launchers  
  197  10:21  Infernal Pre-Igniter  
  199  10:25  Command Center  
  199  10:29  Command Center  
  196  10:39  Siege Tank  
  196  10:40  Factory Tech Lab  
  196  10:41  Factory Reactor  
  193  11:02  Siege Tank  
  193  11:03  Siege Tank  
  193  11:04  Hellion  
  199  11:18  SCV  
  199  11:19  SCV x3  
  199  11:22  Liberator x2  
  199  11:25  Siege Tank  
  186  11:27  Siege Tank, Hellion x2  
  186  11:29  Hellion x2  
  186  11:30  Hellion x2  
  176  11:35  Siege Tank x2  
  188  11:42  Terran Vehicle Weapons Level 3  
  188  11:45  Orbital Command  
  188  11:48  Hellion x2  
  188  11:51  Planetary Fortress  
  192  11:56  Hellion x4  
  192  11:59  Siege Tank  
  192  12:01  Siege Tank  
  187  12:07  Siege Tank, Hellion  
  174  12:09  Hellion  
  174  12:10  SCV x3, Hellion  
  174  12:11  SCV  
  174  12:14  SCV  
  166  12:17  Hellion  
  166  12:22  SCV x2  
  155  12:23  SCV x2  
  155  12:27  Hellion  
  155  12:28  Siege Tank  
  162  12:31  Siege Tank  
  162  12:33  Siege Tank  
  162  12:35  Hellion x3  
  174  12:39  Siege Tank  
  177  12:47  Hellion  
  177  12:49  Hellion  
  178  12:53  SCV x2  
  178  12:54  SCV x2  
  161  12:59  SCV  
  161  13:00  Siege Tank, SCV  
  161  13:04  Siege Tank  
  161  13:05  Siege Tank, SCV  
  139  13:06  Hellion x2  
  139  13:10  Hellion  
  139  13:11  Siege Tank  
  139  13:12  SCV x2  
  134  13:15  SCV  
  134  13:19  Hellion  
  137  13:21  Hellion  
  137  13:23  Hellion  
  141  13:29  Hellion  
  141  13:31  Hellion  
  141  13:32  Siege Tank  
  148  13:36  Siege Tank  
  148  13:37  Siege Tank  
  128  13:51  Siege Tank  
  128  13:52  SCV x3  
  128  13:53  SCV x2  
  128  13:54  SCV  
  131  14:04  Siege Tank, SCV x3  
  131  14:05  SCV x2  
  131  14:06  SCV  
  140  14:16  SCV x2  
  140  14:17  SCV x2  
  144  14:18  Sensor Tower, SCV x2  
  144  14:22  Siege Tank x2  
  152  14:28  SCV x2  
  152  14:30  Cyclone x2  
  160  14:32  Cyclone  
  160  14:36  Cyclone  
  166  14:39  SCV x2  
  166  14:40  SCV x2  
  166  14:42  Cyclone  
  166  14:43  Hellion x6  
  166  14:44  Cyclone  
  176  14:50  Cyclone x2  
  182  14:54  Hellion x2  
  171  15:02  Hellion  
  171  15:03  Hellion  
  171  15:05  Hellion  
  173  15:09  Hellion  
  163  15:14  Hellion  
  163  15:16  Hellion x3  
  171  15:22  Cyclone  
  171  15:27  Cyclone x2  
  171  15:30  Hellion x2  
  171  15:34  Hellion  
  164  15:59  Cyclone x2  
  164  16:02  SCV  
  164  16:03  SCV  
  172  16:05  Hellion x2  
  167  16:20  Hellion x6  
  167  16:24  Hellion x3  
  166  16:32  Thor x2  
  150  16:38  Thor  
  142  16:47  Thor  
  120  17:08  Medivac x2  
  120  17:14  Hellion x2  
  120  17:15  Thor x2  
  125  17:19  Hellion  
  123  17:32  Thor  
  119  17:42  Siege Tank  
  121  17:48  Cyclone  
  124  17:52  Hellion x2  
  124  17:55  Refinery  
  124  17:57  SCV x3  
  129  18:09  Cyclone  
  129  18:10  Cyclone  
  135  18:15  Hellion  
  135  18:19  Hellion  
  135  18:22  Hellion  
  137  18:27  Hellion  
  132  18:43  Hellion x3  
  132  18:47  Cyclone, Hellion  
  132  18:48  Cyclone  
  125  18:53  Cyclone  
  131  19:06  Hellion  
  131  19:08  Hellion  
Show
View Real Time Build Order
Export as new Build Order

Silky Zerg - Winner!

Build Orders: Hatch First, Swarm Host 

Get SALT Encoding   

  12  0:00  Drone  
  13  0:12  Overlord  
  13  0:17  Drone  
  14  0:30  Drone x2  
  16  0:48  Hatchery  
  15  0:51  Drone  
  15  0:54  Drone  
  17  0:58  Drone  
  18  1:08  Extractor  
  17  1:13  Spawning Pool  
  17  1:16  Drone  
  17  1:19  Drone  
  18  1:28  Drone  
  19  1:38  Drone  
  20  1:48  Overlord  
  20  1:59  Queen  
  20  2:00  Zergling x4, Queen  
  26  2:07  Metabolic Boost  
  26  2:11  Drone x2  
  28  2:28  Hatchery  
  27  2:33  Drone  
  27  2:35  Drone  
  29  2:41  Queen  
  31  2:46  Overlord  
  31  2:51  Drone  
  31  2:52  Drone  
  31  2:55  Drone  
  34  3:08  Overlord  
  34  3:09  Drone  
  34  3:10  Drone x4  
  39  3:13  Drone  
  40  3:21  Queen  
  42  3:33  Drone x4  
  46  3:41  Queen  
  46  3:43  Drone x3  
  46  3:46  Overlord  
  46  3:47  Drone x2  
  53  3:53  Drone x2  
  54  3:59  Drone x4  
  54  4:01  Lair  
  57  4:07  Baneling Nest  
  56  4:10  Drone x3  
  56  4:11  Extractor x2  
  56  4:14  Zergling x2  
  58  4:17  Zergling x2  
  58  4:20  Zergling x4  
  58  4:21  Zergling x4  
  63  4:27  Zergling x2  
  63  4:28  Zergling x2  
  63  4:30  Drone  
  63  4:31  Overlord  
  66  4:41  Overlord  
  66  4:45  Spore Crawler  
  65  4:46  Queen  
  65  4:47  Spore Crawler  
  65  4:48  Spore Crawler  
  62  4:54  Drone x5  
  62  4:55  Drone x4  
  62  4:58  Overseer  
  66  5:09  Drone x2  
  66  5:13  Drone x3  
  70  5:16  Drone  
  71  5:21  Drone x2  
  71  5:22  Drone x2  
  71  5:28  Overlord  
  75  5:30  Zergling x6  
  75  5:31  Zergling x2  
  75  5:34  Zergling x4  
  81  5:40  Centrifical Hooks  
  80  5:43  Baneling x9  
  80  5:45  Zergling x4  
  80  5:49  Zergling x2  
  84  5:50  Zergling x6  
  78  6:05  Zergling x6  
  78  6:06  Zergling x6  
  78  6:10  Drone  
  78  6:11  Drone  
  80  6:13  Overlord  
  80  6:16  Queen, Evolution Chamber x2  
  80  6:18  Overlord  
  80  6:32  Overlord  
  80  6:33  Drone x3  
  80  6:37  Drone x3  
  80  6:38  Hatchery, Extractor x2, Drone x3  
  86  6:43  Drone  
  86  6:44  Zerg Ground Armor Level 1  
  86  6:45  Zerg Melee Weapons Level 1  
  86  6:46  Baneling x4  
  87  6:51  Drone x3  
  90  6:57  Zergling x4  
  90  6:58  Hydralisk Den, Zergling x6  
  94  7:05  Zergling x2  
  95  7:09  Zergling x4  
  97  7:18  Zergling x2  
  97  7:19  Overlord x2  
  98  7:23  Hatchery  
  97  7:30  Muscular Augments  
  97  7:31  Overlord x2  
  97  7:39  Hydralisk x8  
  113  7:45  Drone  
  113  7:46  Overlord, Infestation Pit  
  113  7:50  Overlord  
  111  7:55  Hydralisk x3  
  111  7:56  Hydralisk  
  118  8:01  Overlord  
  118  8:05  Drone x6  
  118  8:12  Hydralisk  
  118  8:13  Hydralisk x3  
  118  8:16  Drone x2  
  127  8:24  Swarm Host  
  130  8:27  Swarm Host x2  
  130  8:30  Swarm Host  
  139  8:35  Overlord  
  139  8:38  Hatchery  
  139  8:39  Overlord x2  
  135  8:41  Drone x3  
  135  8:42  Drone x2  
  135  8:46  Swarm Host x3  
  149  8:52  Overlord  
  149  8:53  Swarm Host  
  151  9:07  Swarm Host  
  154  9:10  Extractor  
  154  9:11  Extractor  
  154  9:14  Swarm Host  
  154  9:16  Zergling x28  
  169  9:22  Swarm Host x3  
  178  9:27  Swarm Host  
  181  9:36  Grooved Spines  
  181  9:37  Hatchery  
  180  9:42  Overlord  
  180  9:47  Zerg Melee Weapons Level 2  
  180  9:53  Drone x3  
  180  9:57  Zerg Missile Weapons Level 1  
  183  10:00  Swarm Host  
  184  10:09  Overlord  
  184  10:10  Zergling x4  
  184  10:11  Zergling x28  
  200  10:15  Baneling  
  200  10:16  Baneling x12  
  200  10:30  Baneling x7  
  200  10:31  Baneling x4  
  200  10:41  Baneling x8  
  200  10:42  Baneling  
  200  10:50  Spine Crawler x2  
  196  10:58  Baneling x6  
  196  11:02  Zergling x2  
  196  11:03  Zergling x8  
  199  11:05  Hive  
  199  11:09  Spine Crawler  
  198  11:12  Spine Crawler  
  195  11:20  Baneling x17  
  183  11:29  Zergling x2  
  183  11:30  Zergling x40  
  186  11:33  Hydralisk x5  
  196  11:41  Baneling  
  196  11:49  Zergling x8  
  196  11:53  Baneling  
  196  11:54  Baneling x14  
  179  12:05  Zergling x18  
  179  12:06  Hydralisk x5  
  150  12:16  Hydralisk x3  
  150  12:19  Zergling x2  
  150  12:20  Zergling x46  
  170  12:22  Queen  
  170  12:29  Baneling x3  
  172  12:30  Baneling  
  172  12:33  Hydralisk x4  
  172  12:34  Hydralisk  
  172  12:36  Hydralisk  
  184  12:38  Queen  
  184  12:40  Extractor x2  
  161  12:59  Zergling x6  
  161  13:00  Zergling x42  
  165  13:07  Zergling x8  
  165  13:10  Queen  
  167  13:14  Hydralisk  
  167  13:15  Hydralisk x4  
  167  13:18  Drone x2  
  179  13:24  Hydralisk x2  
  179  13:25  Hydralisk x2  
  187  13:39  Zergling x18  
  187  13:40  Zergling x2  
  195  13:44  Viper x2  
  182  13:51  Drone x4  
  182  13:53  Zergling x14  
  193  13:59  Zergling x10  
  193  14:04  Baneling x9  
  193  14:05  Baneling  
  193  14:07  Zergling x2  
  193  14:09  Zergling x4  
  195  14:10  Zergling x2  
  195  14:16  Queen  
  194  14:22  Swarm Host x2  
  200  14:33  Zerg Missile Weapons Level 2  
  200  14:34  Zerg Melee Weapons Level 3  
  200  14:39  Spire  
  200  14:42  Baneling x3  
  198  14:46  Zergling x2  
  198  14:49  Adrenal Glands  
  198  14:52  Ultralisk Cavern  
  197  15:06  Zergling x2  
  197  15:07  Zergling x18  
  199  15:16  Overseer  
  171  15:34  Extractor  
  171  15:35  Extractor  
  166  15:51  Mutalisk x4  
  166  15:52  Mutalisk x13  
  195  16:00  Mutalisk x6  
  197  16:09  Mutalisk x2  
  187  16:14  Zergling x2  
  187  16:15  Zergling x22, Queen x2  
  197  16:20  Zergling x6  
  168  16:40  Mutalisk x6  
  164  16:47  Drone x2  
  164  16:48  Drone x6  
  164  16:52  Zergling x2  
  164  16:53  Zergling x16  
  175  16:58  Drone x2  
  160  17:12  Drone x3  
  161  17:23  Hydralisk x2  
  153  17:34  Hydralisk x2  
  143  17:41  Hydralisk x2  
  145  17:44  Drone x2  
  145  17:46  Drone  
  145  17:49  Hydralisk  
  150  17:51  Drone  
  150  17:56  Hydralisk  
  149  18:02  Hydralisk x2  
  149  18:09  Drone x4  
  149  18:11  Hydralisk  
  155  18:18  Hydralisk x2  
  159  18:25  Baneling x4  
  159  18:26  Baneling x3  
  159  18:27  Hydralisk  
  159  18:28  Hydralisk  
  145  18:41  Zergling x2  
  145  18:42  Zergling x20  
  152  18:51  Zergling x16  
  160  18:56  Zergling x2  
  160  18:57  Zergling x6  
  160  19:04  Zergling x10  
  160  19:07  Zergling x4  
  160  19:08  Zergling x2  
Tags
 
Add a new tag
Caveats
  • Supply blocks, unpowered buildings, or Contaminate may cause inaccurate times.
  • Supply counts are checked every 10 seconds.